Cogmind - Beta 13 @@@ ROGUE MODE // 2024.04.28 @ 18:20:11 Player: TinyBoulder Result: Destroyed by N5-6GP(R) with Subdweller Laser Performance ------------- Evolutions (0) 0 Regions Visited (3) 600 Robots Destroyed (12) 60 Value Destroyed (211) 211 Prototype IDs (0) 0 Alien Tech Used (0) 0 Bonus (148) 148 TOTAL SCORE: 1019 Bonus ------- Follower Combat Kills 160 Friendly Fire -12 Cogmind --------- Core Integrity 0/250 Matter 300/300 Energy 100/100 System Corruption 0% Temperature Cool (6) Movement Treading (160) Location -10/Subcaves Parts ------- > --- POWER (1) -------- (None) > --- PROPULSION (2) --- Light Treads Light Treads > --- UTILITY (2) ------ Small Storage Unit Sensor Array > --- WEAPON (2) ------- (None) > --- INVENTORY (8) ---- Light Nuclear Core Light Treads Aluminum Leg Compact Wheel Datajack Signal Generator Peak State ------------ > --- POWER ------------ Light Ion Engine > --- PROPULSION ------- Light Treads Light Treads > --- UTILITY ---------- Small Storage Unit Sensor Array > --- WEAPON ----------- Small Laser Flamer > --- INVENTORY -------- Light Nuclear Core Light Treads Light Treads Aluminum Leg Compact Wheel Datajack Mining Claw Signal Generator [Rating: 9] Favorites ----------- Power Light Ion Engine Engine Light Ion Engine Propulsion Light Treads Treads Light Treads Utility Small Storage Unit Device Sensor Array Storage Small Storage Unit Weapon Small Laser Energy Gun Small Laser Special Weapon Flamer Slashing Weapon Mining Claw Build | -11 -10 -10 -10 ------- Run | Yrd Mat Min Sub Slots Evolved . | . . . . Power . | . . . . Propulsion . | . . . . Utility . | . . . . Weapon . | . . . . Parts Attached 12 | 6 1 1 4 Power 2 | 1 . 1 . Engine 2 | 1 . 1 . Core . | . . . . Reactor . | . . . . Propulsion 3 | 2 . . 1 Treads 3 | 2 . . 1 Leg . | . . . . Wheel . | . . . . Hover . | . . . . Flight . | . . . . Utility 2 | 1 1 . . Device 1 | . 1 . . Storage 1 | 1 . . . Processor . | . . . . Hackware . | . . . . Protection . | . . . . Artifact . | . . . . Weapon 5 | 2 . . 3 Energy Gun 2 | 2 . . . Energy Cannon . | . . . . Ballistic Gun . | . . . . Ballistic Cannon . | . . . . Launcher . | . . . . Special Weapon 2 | . . . 2 Impact Weapon . | . . . . Slashing Weapon 1 | . . . 1 Piercing Weapon . | . . . . Special Melee Weapon . | . . . . Unidentified Prototypes . | . . . . Parts Lost 6 | . . 1 5 Power 2 | . . 1 1 Propulsion 1 | . . . 1 Utility . | . . . . Weapon 3 | . . . 3 Highest Loss Streak 5 | . . 1 5 To Critical Strikes . | . . . . Average Slot Usage (%) 96 | . 87 100 97 Engine 13 | . 14 14 13 Treads 27 | . 28 28 27 Device 12 | . 2 14 14 Storage 14 | . 14 14 14 Energy Gun 20 | . 28 28 9 Special Weapon 3 | . . . 8 Slashing Weapon 3 | . . . 7 Naked Turns . | . . . . Heaviest Build 13 | 12 13 13 13 Greatest Support 40 | 40 40 40 40 Greatest Overweight (x) . | . . . . Average Overweight (x) . | . . . . Largest Inventory Capacity 8 | 8 8 8 8 Average Capacity 7 | 6 8 8 8 Most Carried 8 | 4 6 8 8 Average Carried 6 | 1 4 7 7 Final Capacity 8 | 8 8 8 8 Final Carried 8 | 4 6 8 6 Class Distribution -------------------- 100% | Mutant Dominant Class ---------------- Mutant | -10/Materials Mutant | -10/Mines Mutant | -10/Subcaves Resources | -11 -10 -10 -10 ----------- Run | Yrd Mat Min Sub Matter Collected 320 | 191 47 42 40 Remotely . | . . . . Salvage Created 235 | . 47 130 58 Parts 16 | . 6 7 3 Haulers Intercepted . | . . . . Recyclers Shooed . | . . . . Parts Field Recycled . | . . . . Retrieved Matter . | . . . . Parts Self-Destructed 11 | . . . 11 Prevented . | . . . . Kills | -11 -10 -10 -10 ------- Run | Yrd Mat Min Sub Combat Hostiles Destroyed 12 | . 3 5 4 Guns 9 | . 3 5 1 Cannons 1 | . . . 1 Classes Destroyed 3 | . 1 1 1 Swarmer 9 | . 3 3 3 Grunt 2 | . . 2 . Subdweller 1 | . . . 1 Best Kill Streak 3 | . 3 3 3 Combat Bots Only 3 | . 3 3 3 Max Kills in Single Turn 1 | . 1 1 1 Gunslinging . | . . . . Exploded . | . . . . Melee . | . . . . Uniques/NPCs Destroyed . | . . . . Combat | -11 -10 -10 -10 -------- Run | Yrd Mat Min Sub Hostile Shots Fired 103 | . 17 33 53 Missed 30 | . 6 12 12 Damage Taken 1002 | . 89 175 738 Core 268 | . 8 31 229 Absorbed by Shields . | . . . . Core Remaining (%) 100 | 100 . . . Volleys Fired 36 | . 8 13 15 Largest 2 | . 2 2 2 Hottest 140 | . 80 80 140 Shots Fired 64 | . 16 26 22 Gun 51 | . 16 26 9 Cannon . | . . . . Launcher . | . . . . Special 13 | . . . 13 Kinetic . | . . . . Thermal 64 | . 16 26 22 Explosive . | . . . . Electromagnetic . | . . . . Robot Hit Streak 11 | . 5 4 11 Robot Miss Streak 6 | . 6 4 2 Penetration Max . | . . . . Secondary Targets 3 | . . 3 . Max Gunslinging Chain 1 | . . 1 . Shots Hit Robots 42 | . 7 13 22 Core Hits 17 | . 3 6 8 Critical Kills . | . . . . Critical Parts Destroyed . | . . . . Critical Strikes 3 | . . . 3 Burn 3 | . . . 3 Melee Attacks 6 | . . . 6 Impact . | . . . . Slashing 6 | . . . 6 Piercing . | . . . . Sneak Attacks . | . . . . Combat Hostiles . | . . . . Follow-up Attacks . | . . . . Damage Inflicted 597 | . 87 224 286 Guns 392 | . 87 224 81 Cannons . | . . . . Explosions . | . . . . Melee 70 | . . . 70 Ramming 13 | . . . 13 Kinetic . | . . . . Thermal 514 | . 87 224 203 Explosive . | . . . . Electromagnetic . | . . . . Impact . | . . . . Slashing 70 | . . . 70 Piercing . | . . . . Highest Corruption . | . . . . Average Corruption . | . . . . Corruption Purged . | . . . . Corruption Blocked . | . . . . Overload Shots . | . . . . Overflow Damage 3 | . . . 3 Projectiles 3 | . . . 3 Explosions . | . . . . Melee . | . . . . Knockbacks . | . . . . Impact . | . . . . Kinetic . | . . . . Secondary . | . . . . Self-Inflicted Damage . | . . . . Shots . | . . . . Rammed 10 | . . . 10 Targets Rammed 10 | . . . 10 Kicked . | . . . . Crushed . | . . . . Highest Temperature 126 | . 86 126 2 Average Temperature 47 | . 44 51 2 Received Heat Transfer 225 | . . 27 198 Siege Activations . | . . . . Robots Corrupted . | . . . . Combat Hostiles . | . . . . Parts Fried . | . . . . Impact Corruptions . | . . . . Robots Melted 2 | . . . 2 Combat Hostiles 2 | . . . 2 Parts Melted 3 | . . 1 2 Heat Transferred 2235 | . 200 500 1535 Parts Sabotaged . | . . . . Parts Stolen . | . . . . Parts Stripped . | . . . . Power Chain Reactions . | . . . . Alert | -11 -10 -10 -10 ------- Run | Yrd Mat Min Sub Peak Influence 139 | . 70 139 . Initial 27 | . . 27 . Average 75 | . 53 97 . Maximum Alert Level . | . . . . Low Security (%) 100 | 100 100 100 . Level 1 . | . . . . Level 2 . | . . . . Level 3 . | . . . . Level 4 . | . . . . Level 5 . | . . . . High Security . | . . . . Max Security . | . . . . Squads Dispatched 2 | . 1 1 . Investigation 1 | . 1 . . Extermination . | . . . . Reinforcement . | . . . . Assault 1 | . . 1 . Garrison . | . . . . Intercept . | . . . . Searches Triggered . | . . . . Construction Impeded . | . . . . Haulers Reinforced . | . . . . Active Scanning Responses . | . . . . Cargo Convoy Interrupts . | . . . . Stealth | -11 -10 -10 -10 --------- Run | Yrd Mat Min Sub Distress Signals . | . . . . Communications Jammed . | . . . . Distress Signals . | . . . . Times Spotted 25 | . 4 11 10 Peak Tracking Total 6 | . 3 4 6 Tactical Retreats 1 | . . . 1 Traps | -11 -10 -10 -10 ------- Run | Yrd Mat Min Sub Traps Triggered 1 | . 1 . . Indirectly . | . . . . Trap Hack Attempts . | . . . . Triggered . | . . . . Disarmed . | . . . . Reprogrammed . | . . . . Reused . | . . . . Traps Extracted . | . . . . Installed . | . . . . Triggered . | . . . . Machines | -11 -10 -10 -10 ---------- Run | Yrd Mat Min Sub Machines Disabled . | . . . . Max in Single Turn . | . . . . Machines Repaired . | . . . . Machines Dismantled . | . . . . Machines Sabotaged . | . . . . Overloaded Fab Kills . | . . . . Hacking | -11 -10 -10 -10 --------- Run | Yrd Mat Min Sub Machines Accessed 1 | . 1 . . Terminals . | . . . . Fabricators . | . . . . Repair Stations . | . . . . Recycling Units 1 | . 1 . . Scanalyzers . | . . . . Garrison Access . | . . . . Total Hacks 3 | . 3 . . Successful 2 | . 2 . . Failed 1 | . 1 . . Catastrophic . | . . . . Database Lockouts . | . . . . Manual . | . . . . Terminals . | . . . . Fabricators . | . . . . Repair Stations . | . . . . Recycling Units 3 | . 3 . . Scanalyzers . | . . . . Garrison Access . | . . . . Terminal Hacks . | . . . . Fabricator Hacks . | . . . . Repair Station Hacks . | . . . . Recycling Unit Hacks 2 | . 2 . . Report Inventory 1 | . 1 . . Retrieve Components 1 | . 1 . . Scanalyzer . | . . . . Garrison Access Hacks . | . . . . Unauthorized Hacks . | . . . . Terminals . | . . . . Fabricators . | . . . . Repair Stations . | . . . . Recycling Units . | . . . . Scanalyzers . | . . . . Garrison Access . | . . . . Data Cores Recovered . | . . . . Used . | . . . . Hacking Detections 1 | . 1 . . Full Trace Events . | . . . . Feedback Events . | . . . . Feedback Blocked . | . . . . Robot Schematics Acquired . | . . . . Robots Built . | . . . . Authchips . | . . . . Time . | . . . . Total Robot Build Rating . | . . . . Part Schematics Acquired . | . . . . Parts Built . | . . . . Authchips . | . . . . Time . | . . . . Total Part Build Rating . | . . . . Parts Repaired . | . . . . Time . | . . . . Parts Recycled . | . . . . Recycled Matter . | . . . . Retrieved Matter . | . . . . Retrieved Components 2 | . 2 . . Parts Scanalyzed . | . . . . Part Schematics Acquired . | . . . . Parts Damaged . | . . . . Bothacking | -11 -10 -10 -10 ------------ Run | Yrd Mat Min Sub Used RIF Installer . | . . . . Robots Hacked . | . . . . Non-combat . | . . . . Combat . | . . . . Robot Hacks Applied . | . . . . Relay Couplers Released . | . . . . Fabnet Peak Effective % . | . . . . Robots Rewired . | . . . . Allies Hacked . | . . . . Hacks Repelled . | . . . . Allies | -11 -10 -10 -10 -------- Run | Yrd Mat Min Sub Total Allies 2 | . . 2 . Largest Group 2 | . . 2 2 Highest-Rated Group 62 | . . 62 62 Highest-Rated Ally 31 | . . 31 31 Total Orders . | . . . . Ally Attacks 41 | . . 27 14 Total Damage 612 | . . 334 278 Kills 6 | . . 4 2 Allies Corrupted . | . . . . Allies Melted . | . . . . Intel | -11 -10 -10 -10 ------- Run | Yrd Mat Min Sub Robot Analysis Total . | . . . . Derelict Logs Recovered 2 | . . 1 1 Drone Launches . | . . . . Drone Recoveries . | . . . . Exploration | -11 -10 -10 -10 ------------- Run | Yrd Mat Min Sub Turns Passed 1772 | 124 258 701 689 Spaces Moved 828 | 74 143 247 364 Core 6 | 6 . . . Treads 822 | 68 143 247 364 Legs . | . . . . Wheels . | . . . . Hover . | . . . . Flight . | . . . . Fastest Speed 50 | 50 160 160 160 Average Speed 159 | 151 160 160 160 Slowest Speed 160 | 160 160 160 160 Overloaded Moves . | . . . . Propulsion Burnouts . | . . . . Robots Hopped . | . . . . Cave-ins Triggered . | . . . . Exploration Rate (%) 28 | 5 28 46 34 Regions Visited 3 Branch Regions 2 Pre-discovered Areas 4 | . . 2 2 Known Exits Taken . | . . . . Unknown Exits Taken 3 | 1 1 1 . Scrap Searched 1 | . . 1 . Spaces Dug . | . . . . Terrain Destroyed . | . . . . Melee . | . . . . Projectile . | . . . . AOE . | . . . . Terrain Rammed . | . . . . Walls Destroyed . | . . . . Machines Disabled . | . . . . Actions | -11 -10 -10 -10 --------- Run | Yrd Mat Min Sub Total 1184 | 83 156 527 418 Wait 281 | . 3 262 16 Move 825 | 73 142 246 364 Hop . | . . . . Pick Up 11 | 4 2 4 1 Fast Attach 8 | 6 1 . 1 Attach 3 | . . 1 2 Detach . | . . . . Swap 1 | . . . 1 Drop 3 | . . 1 2 Fire 36 | . 8 13 15 Melee 6 | . . . 6 Ram . | . . . . Kick . | . . . . Crush 10 | . . . 10 Escape Stasis . | . . . . Rewire . | . . . . Trap . | . . . . Miscellaneous . | . . . . Route ------- -11/Scrapyard -10/Materials -10/Mines -10/Subcaves (discovered 1 exit: [*Rec]) History --------- Turn | Location | Event 3 | -11/Scrapyard | Discovered new exit (range 14) 125 | -11/Scrapyard | Entered Materials 316 | -10/Materials | Build established: Mutant 377 | -10/Materials | Discovered new exit (range 5) 383 | -10/Materials | Entered Mines 579 | -10/Mines | Learned location of Recycling (-8) 697 | -10/Mines | Met a Derelict testing a Signal Generator 706 | -10/Mines | Found Signal Generator 761 | -10/Mines | Escorted by a lone wolf Derelict 781 | -10/Mines | Learned location of Storage (-8) 1077 | -10/Mines | Discovered new exit (range 5) 1084 | -10/Mines | Entered Subcaves 1084 | -10/Subcaves | Accompanied by 2 allies 1175 | -10/Subcaves | Learned location of Zion (-6) 1175 | -10/Subcaves | Met a Zionite searching for "candidates" 1268 | -10/Subcaves | Shifting Twisted Machinery released Flamer 1295 | -10/Subcaves | Discovered new exit (range 15) 1351 | -10/Subcaves | Shifting Twisted Machinery released Flamer 1733 | -10/Subcaves | Core integrity fell below 50% 1750 | -10/Subcaves | Core integrity fell below 20% 1773 | -10/Subcaves | Destroyed by N5-6GP(R) with Subdweller Laser Last Messages --------------- 01457_ Acquired derelict log, extracted data. World map updated: -10/Materials. 01705_ Flamer destroyed. 01721_ HW-4GG(R) Sub. Optics ripped off. 01728_ Mining Claw destroyed. 01737_ HW-4GG(R) suffers critical hit (Burn). 01738_ HW-4GG(R) heat damages Sub. Beam Cannon, Sub. Monowheel, Disposable Heat Sink. 01738_ HW-4GG(R) critical meltdown. 01739_ Acquired 10 matter. 01740_ Lgt. Treads destroyed. 01740_ N5-6GP(R) suffers critical hit (Burn). 01746_ N5-6GP(R) affixes Scrap Shield Fragment to Scrap Shield. 01753_ Flamer destroyed. 01756_ Acquired 10 matter. 01758_ Slammed into N5-6GP(R). 01758_ N5-6GP(R) affixes Scrap Shield Fragment to Scrap Shield. 01759_ Slammed into N5-6GP(R). 01761_ Lgt. Ion Engine destroyed. 01761_ Slammed into N5-6GP(R). Map ----- +----------------------------------------------------+ | ?????????????????????????????????????????????????? | | ?????????????????????????????????????????????????? | | ?????????????????????????????????????????????????? | | ?????????????????????????????????????????????????? | | ?????????????????????????????????????????????????? | | ?????????????????????????????????????????????????? | | ?????????????????????????????????????????????????? | | ?????????????????????????????????????????????????? | | ?????????????????????????????????????????????????? | | ?????????????????????????????????????????????????? | | ?????????????????????????????????????????????????? | | ?????????????????????????## ?????????????????????? | | ????????????????????????## ""????#???????????????? | | ???????????????????????## ""???? ????????????????? | | ???????????????????????# ??? #????????????????? | | ??????????????????????? #??# ##"??????????????? | | ???????????????????????? ### ""??????????????? | | ???????????????????????? ????????????????? | | ????????????????????????? ??????????????????? | | ???????????????????????## #???????????????????? | | ???????????????????????# ###??????????????????? | | ????????????????????#### "##?????????????????? | | ??????????????????### %!%## " ####??????????????? | | ??????????????????# %%## " "#??????????????? | | ??????????????????## %%% """"" #?????????????? | | ???????????????????#; @% ### #????????????? | | ???????????????????## R ##???? #????????????? | | ??????? ??????###?## #???????##????????????? | | ?????? ## ## ### #?????????????????????? | | ?????? #?###?????????????????????? | | ????????# ## ##????????????????????????? | | ????????## ?????# #????????????????????????? | | ?????????????????# ##????????????????????????? | | ?????????????????## #??###????????????????????? | | ??????????????????## #### ###??????????????????? | | ???????????????????# ## ######?????????????? | | ???????????????????## #?????????????? | | ????????????????????## #?????????????? | | ????????????????? #### ##?????????????? | | ???????????????? #??????????????? | | ??????????????? ##?????????????? | | ??????????????? ##### ## #?????????????? | | ????????????????????##?## ## # ##?????????????? | | ????????????????????????# ## ##??????????????? | | ????????????????????????# ### ##???????????????? | | ????????????????????????###?## ##???????????????? | | ????????????????????????????# ###?????????????? | | ????????????????????????????# # #?????????????? | | ????????????????????????????## #?????????????? | | ???????????????????????????###### ##????????????? | +----------------------------------------------------+ Best States ------------- Heat Dissipation 25 Energy Generation 10 Energy Capacity 250 Matter Stores 300 Matter Capacity 300 Sight Range 16 Robot Scan Range 14 Terrain Scan Density 10 Evasion (%) 40 Recoil Reduction 2 Item Schematics ----------------- None Robot Schematics ------------------ None Fabricated ------------ Nothing Alien Tech Used ----------------- None Achievements -------------- None Challenges ------------ None Game ------ Seed AssembledConcussiveBrace Manual? 0 Play Time 00:09:17 Cumulative 58.7 hours Start 2024.04.28 @ 16:22:26 End 2024.04.28 @ 18:20:11 Sessions 3 Manual Loads 0 Difficulty Rogue Special Mode None Game No. 56 Rogue 56 Adventurer 0 Explorer 0 Win Type - Total 2 Types 2/0/0/0/0/0/0/0/0 Lore% 48 Gallery% 55 Achievement% 44 Wizard Run 0 Options --------- Layout 0 ASCII 0 Keyboard 0 Movement Mouse Keybinds 0 Fullscreen 1 Font 18/Terminus Map View 76x50 Zoom Use 0% Tactical HUD 1 Map Filters NONE Filters NONE Steam 1 RUN: 24c16a78-041a-4403-971f-c2f53958103f